 Dungeon Crawl Stone Soup version 0.31-a0-1388-g4b2ba238e7 (webtiles) character file.

Game seed: 17358545344049294272

53 grandjackal the Ducker (level 3, -3/28 HPs)
             Began as a Demonspawn Gladiator on Dec 24, 2023.
             Killed from afar by Natasha (10 damage)
             ... with a magic dart
             ... on level 3 of the Dungeon.
             The game lasted 00:01:41 (1522 turns).

grandjackal the Ducker (Demonspawn Gladiator)       Turns: 1522, Time: 00:01:42

Health: -3/28      AC:  4    Str: 14    XL:     3   Next: 62%
Magic:  3/3        EV: 12    Int: 12    God:
Gold:   71         SH:  0    Dex: 14    Spells: 2/2 levels left

rFire   . . .        a - +0 long sword
rCold   . . .        (no shield)
rNeg    + . .        b - +0 leather armour
rPois   .            c - +0 helmet
rElec   .            (no cloak)
rCorr   .            (no gloves)
SInv    .            (no boots)
Will    .....        (no amulet)
Stlth   +            m - ring of positive energy
HPRegen 0.24/turn    (no ring)
MPRegen 0.08/turn

%: no passive effects
@: slowed, very slow
A: big brain 1
a: no special abilities


You were on level 3 of the Dungeon.
You visited 1 branch of the dungeon, and saw 3 of its levels.

You collected 71 gold pieces.

Inventory:

Hand Weapons
 a - a +0 long sword (weapon)
Missiles
 d - 3 throwing nets (quivered)
 e - a javelin
Armour
 b - a +0 leather armour (worn)
 c - a +0 helmet (worn)
Jewellery
 m - a ring of positive energy (left hand)
Scrolls
 h - a scroll of identify {unknown}
 j - a scroll of poison {unknown}
 l - a scroll of enchant armour {unknown}
 n - a scroll of fog {unknown}
 o - a scroll of teleportation {unknown}
Potions
 f - 2 potions of curing {unknown}
 g - a potion of berserk rage {unknown}
 i - 2 potions of enlightenment {unknown}
 k - a potion of lignification {unknown}


   Skills:
 + Level 2.8 Fighting
 + Level 3.2 Long Blades
 - Level 2.0 Throwing
 + Level 3.2 Dodging


You had 2 spell levels left.
You didn't know any spells.
Your spell library contained the following spells:

 Spells                   Type           Power      Damage    Failure   Level
 Anguish                  Hex/Necr       0%         N/A       99%         4
 Cause Fear               Hex            0%         N/A       99%         4
 Enfeeble                 Hex            0%         N/A       100%        7


Dungeon Overview and Level Annotations

Branches:
Dungeon (3/15)

Altars:

Shops:
D:2 (

Annotations:
D:3 Natasha


Innate Abilities, Weirdness & Mutations

You have an unusually large brain. (Int +2)


Message History

Natasha is lightly wounded.
The giant cockroach closely misses you. Natasha casts a spell at you.
You feel yourself slow down.
You slash Natasha!
Natasha is severely wounded.
The giant cockroach bites you but does no damage.
The giant cockroach barely misses you. Natasha misses you.
The giant cockroach closely misses you.
Natasha mumbles some strange words.
You hit Natasha but do no damage.
Natasha is severely wounded.
The giant cockroach misses you.
Natasha stares at you and mumbles some strange words.
The magic dart hits you. The cerulean imp closely misses you.
The giant cockroach bites you but does no damage.
Natasha claws you.
The cerulean imp hits you with a +2 spear.
You are too injured to fight recklessly!
Unknown command.
You are too injured to fight recklessly!
Unknown command.
You are too injured to fight recklessly!
You closely miss Natasha.
Natasha is severely wounded.
The giant cockroach barely misses you. Natasha misses you.
The cerulean imp barely misses you. The giant cockroach closely misses you.
Natasha claws you.
* * * LOW HITPOINT WARNING * * *
You barely miss Natasha.
Natasha is severely wounded.
The giant cockroach completely misses you.
The cerulean imp hits you but does no damage.
A frilled lizard comes into view.
The giant cockroach bites you.
* * * LOW HITPOINT WARNING * * *
Natasha stares at you and mumbles some strange words.
The magic dart hits you!
You die...
Natasha curls up and begins to purr.

##
#########..
.........? #
.........# .
.........#.#
.........#.#
.......<...#
........5###
.......@.#
......Bh.#
.......(...
########.....
l...## ....#
....# ....#


You could see Natasha, a cerulean imp (summoned), a giant cockroach and a
frilled lizard (wandering).

Vanquished Creatures
  2 worms (D:2)
  4 bats
  3 endoplasms
  3 giant cockroaches (D:1)
  7 goblins
  4 hobgoblins
  2 jackals (D:1)
  A quokka (D:2)
  5 ball pythons
  4 frilled lizards
  5 kobolds
  4 rats
44 creatures vanquished.

Notes
Turn   | Place    | Note
-------+----------+-------------------------------------------
     0 | D:1      | grandjackal the Demonspawn Gladiator began the quest for
                  | the Orb.
     0 | D:1      | Reached XP level 1. HP: 16/16 MP: 1/1
   145 | D:1      | Gained mutation: You have an unusually large brain. (Int
                  | +2) [demonic ancestry]
   145 | D:1      | Reached XP level 2. HP: 22/22 MP: 2/2
   415 | D:1      | Reached XP level 3. HP: 28/28 MP: 3/3
   527 | D:1      | Found a faded altar of an unknown god.
  1139 | D:2      | Found Koeg's Antique Weapon Shop.
  1513 | D:3      | Noticed Natasha
  1522 | D:3      | Killed from afar by Natasha

Illustrated notes

Levels and vault maps discovered:
D:1:      mrwooster_arrival_statue_2, layout_loops_ring,
          ebering_ecumenical_altar_rust, minmay_tetromino_t4
D:2:      layout_basic, serial_shops, shop, serial_bayou_crossing
D:3:      layout_rooms, mainiacjoe_overflow_six_doors_small,
          mainiacjoe_overflow_divided_tiny, uniq_natasha

Skill      XL: |  1  2 |
---------------+-------+-----
Throwing       | 2 |  2.0
Dodging        | 3 |  3.2
Long Blades    | 3 |  3.2
Fighting       | |  2.8

Action                     || total
---------------------------++-------
  Melee: Long sword        ||   139
         Punch             ||     1
   Stab: Sleeping          ||     2
 Armour: Leather armour    ||    74
  Dodge: Dodged            ||   118

Table legend: (Time is in decaauts)
 A = Elapsed time spent in this place.
 B = Non-inter-level travel time spent in this place.
 C = Inter-level travel time spent in this place.
 D = Time resting spent in this place.
 E = Time spent auto-exploring this place.
 F = Levels seen in this place.
 G = Mean time per level.
                   A        B        C        D        E       F      G
               +--------+--------+--------+--------+--------+-----+--------+
         Total |   1573 |   1464 |    109 |     58 |   1089 |   3 |  524.3 |
       Dungeon |   1573 |   1464 |    109 |     58 |   1089 |   3 |  524.3 |
               +--------+--------+--------+--------+--------+-----+--------+

Top non-repeatable levels by time:
     D:2: 897 daAuts
     D:1: 663 daAuts
     D:3: 12 daAuts
